AoeStats
← Mokute

Arena

503975233Analyzed
4v4 RM · 29d ago on Sep 3, 2026· 43m 2s· 8 players
Game mode
Random Map
Map size
Large (8 player)
Population
200
Speed
Normal
Resources
Standard
Victory
Conquest
Starting age
Dark Age
Ending age
Imperial Age
RankedLock teamsTeams togetherTeam positionsShared explorationLock speedFull tech treeHidden civsTurbo modeCheats
Victory
Defeat
🇹🇼 Britons · Taiwan
1034
+13
🇨🇳 Khmer · China
1005
+14
🇯🇵 Sicilians · Japan
980
+35
🇦🇷 Burgundians · Argentina
971
+16
🇫🇷 Khmer · France
1086
-19
🇮🇩 Chinese · Indonesia
1036
-18
🇨🇿 Britons · Czechia
885
-22
🇨🇳 Bohemians · China
883
-11
Mokute
10:42 Feudal Age
19:36 Castle Age
19:15 Double-Bit Axe
19:35 Horse Collar
25:45 Pikeman
26:37 Scale Mail Armor
27:34 Chain Mail Armor
31:37 Elite Skirmisher
33:44 Elite Skirmisher
37:10 Imperial Age
34:32 Elite Skirmisher
39:07 Padded Archer Armor
38:57 Fletching
39:31 Ballistics
39:07 Murder Holes
43:32 Imperial Age
42:13 Leather Archer Armor
41:54 Bodkin Arrow
42:10 Forging
cooldaban
11:27 Feudal Age
11:39 Loom
16:36 Castle Age
15:24 Stone Mining
15:46 Double-Bit Axe
22:52 Horse Collar
26:15 Bow Saw
26:35 Pikeman
28:46 Fletching
28:57 Padded Archer Armor
30:22 Wheelbarrow
30:23 Scale Mail Armor
32:03 Leather Archer Armor
33:04 Ballistics
32:40 Murder Holes
32:48 Heavy Plow
32:44 Gambesons
35:25 Yeomen
37:40 Imperial Age
36:01 Bodkin Arrow
36:17 Forging
36:23 Chain Mail Armor
37:20 Hand Cart
37:38 Masonry
40:56 Gold Mining
42:15 Two-Man Saw
41:26 Bracer
43:04 Ring Archer Armor
43:38 Chemistry
42:49 Fortified Wall
42:15 Halberdier
President of USA
2:39 Loom
13:23 Feudal Age
16:45 Castle Age
14:48 Horse Collar
15:04 Double-Bit Axe
17:48 Heavy Plow
18:00 Bow Saw
19:59 Wheelbarrow
28:37 Imperial Age
26:30 Gold Mining
27:47 Hand Cart
28:31 Gold Shaft Mining
28:09 Tusk Swords
28:35 Husbandry
28:46 Bloodlines
28:54 Scale Barding Armor
29:55 Fletching
30:49 Stone Mining
31:22 Conscription
31:45 Chain Barding Armor
31:48 Ballistics
31:54 Heavy Scorpion
33:47 Chemistry
33:25 Plate Barding Armor
32:55 Town Watch
33:31 Fortified Wall
33:29 Double Crossbow
34:03 Masonry
35:14 Bodkin Arrow
35:31 Forging
35:08 Elite Battle Elephant
36:03 Town Patrol
36:59 Siege Engineers
37:25 Architecture
37:32 Iron Casting
36:59 Bracer
37:17 Murder Holes
39:50 Hoardings
41:16 Blast Furnace
TireTinTin
10:05 Feudal Age
9:30 Horse Collar
10:57 Wheelbarrow
10:15 Double-Bit Axe
11:16 Bow Saw
12:23 Heavy Plow
19:35 Castle Age
19:00 Gold Mining
20:04 Hand Cart
21:47 Two-Man Saw
21:18 Crop Rotation
23:19 Gold Shaft Mining
24:15 Stone Mining
24:20 Treadmill Crane
25:00 Ballistics
27:49 Imperial Age
26:10 Stone Shaft Mining
28:01 Cavalier
28:41 Husbandry
28:36 Fletching
28:57 Forging
28:52 Scale Barding Armor
30:30 Chemistry
29:51 Ballistics
30:37 Loom
30:51 Bodkin Arrow
31:32 Iron Casting
31:17 Chain Barding Armor
33:38 Bracer
34:40 Blast Furnace
34:15 Pikeman
34:55 Squires
34:53 Elite Skirmisher
35:16 Paladin
36:41 Plate Barding Armor
35:35 Halberdier
41:10 Burgundian Vineyards
41:26 Conscription
41:38 Light Cavalry
kron
8:26 Loom
10:41 Feudal Age
11:10 Double-Bit Axe
14:02 Horse Collar
20:14 Castle Age
18:38 Fletching
21:20 Heavy Plow
21:14 Gold Mining
21:43 Bow Saw
22:00 Crossbowman
26:15 Ballistics
25:46 Treadmill Crane
26:55 Bodkin Arrow
27:27 Padded Archer Armor
29:17 Leather Archer Armor
29:38 Man-at-Arms
31:16 Forging
33:46 Iron Casting
36:30 Imperial Age
33:46 Long Swordsman
34:27 Gambesons
37:46 Arbalester
38:02 Two-Handed Swordsman
38:54 Murder Holes
39:20 Pikeman
皮酒
11:13 Feudal Age
12:16 Horse Collar
12:24 Double-Bit Axe
17:02 Castle Age
18:33 Wheelbarrow
22:44 Bow Saw
24:14 Hand Cart
23:45 Loom
23:45 Town Watch
29:02 Wagenburg Tactics
31:41 Imperial Age
28:44 Pikeman
29:24 Squires
31:04 Forging
30:54 Scale Mail Armor
32:01 Ballistics
31:45 Halberdier
33:06 Conscription
35:18 Chemistry
35:10 Iron Casting
34:50 Chain Mail Armor
37:17 Two-Man Saw
36:19 Heavy Plow
43:08 Blast Furnace
42:38 Plate Mail Armor
41:31 Man-at-Arms
42:27 Houfnice
Blast
5:12 Loom
9:50 Feudal Age
15:39 Castle Age
14:22 Double-Bit Axe
19:01 Bow Saw
22:17 Wheelbarrow
22:34 Horse Collar
26:56 Hand Cart
27:24 Gold Mining
27:29 Stone Mining
31:20 Imperial Age
29:25 Bloodlines
30:16 Husbandry
30:30 Forging
30:26 Scale Barding Armor
32:16 Gold Shaft Mining
31:49 Heavy Plow
31:53 Heavy Scorpion
32:58 Conscription
33:28 Ballistics
33:55 Double Crossbow
34:24 Light Cavalry
36:47 Iron Casting
36:33 Chain Barding Armor
35:44 Hussar
39:03 Blast Furnace
39:27 Plate Barding Armor
39:29 Crop Rotation
Sir Aldi
0:26 Loom
9:01 Feudal Age
16:45 Castle Age
15:42 Horse Collar
15:49 Double-Bit Axe
16:33 Stone Mining
18:57 Wheelbarrow
26:17 Hand Cart
26:06 Gold Mining
26:48 Bow Saw
27:57 Fletching
28:11 Heavy Plow
28:45 Bodkin Arrow
29:19 Town Watch
30:46 Thumb Ring
30:32 Light Cavalry
31:22 Bloodlines
31:13 Husbandry
31:38 Padded Archer Armor
32:37 Gold Shaft Mining
32:42 Forging
32:38 Scale Barding Armor
32:07 Pikeman
32:47 Squires
34:23 Elite Skirmisher
36:32 Iron Casting
36:21 Ballistics
38:34 Imperial Age
37:44 Chain Barding Armor
37:40 Leather Archer Armor
37:53 Leather Archer Armor
39:10 Heavy Rocket Cart
41:19 Plate Barding Armor
42:07 Chemistry
Connection lost

Rejoining the realm…

Still unreachable

The connection could not be restored.

Session expired

The server has moved on; the page needs a fresh start.